AoeStats
← ema.frigo

Arena

510136616Analyzed
4v4 RM · 2d ago on Sep 29, 2026· 65m 8s· 8 players
Game mode
Random Map
Map size
Large (8 player)
Population
200
Speed
Normal
Resources
Standard
Victory
Conquest
Starting age
Dark Age
Ending age
Imperial Age
RankedLock teamsTeams togetherTeam positionsShared explorationLock speedFull tech treeHidden civsTurbo modeCheats
Victory
Defeat
🇵🇹 Persians · Portugal
737
+8
🇫🇷 Franks · France
707
+8
🇫🇷 Koreans · France
686
+9
🇨🇿 Franks · Czechia
685
+9
🇨🇦 Byzantines · Canada
569
-10
🇷🇸 Tatars · Serbia
540
-9
🇧🇷 Vikings · Brazil
514
-8
🇲🇽 Danes · Mexico
491
-7
ema.frigo
6:05 Loom
10:09 Feudal Age
14:59 Man-at-Arms
15:24 Arson
15:57 Forging
21:56 Castle Age
20:45 Scale Barding Armor
25:46 Double-Bit Axe
29:24 Treadmill Crane
31:21 Bow Saw
32:21 Wheelbarrow
31:31 Town Watch
33:02 Caravan
36:42 Imperial Age
36:53 Hand Cart
36:38 Town Patrol
37:19 Iron Casting
37:07 Chain Barding Armor
36:49 Padded Archer Armor
36:40 Fletching
36:50 Gold Mining
36:50 Stone Mining
39:22 Blast Furnace
38:22 Murder Holes
38:33 Horse Collar
38:49 Stone Mining
39:34 Gold Shaft Mining
39:14 Heavy Camel Rider
40:21 Leather Archer Armor
40:21 Silk Armor
40:42 Conscription
41:10 Husbandry
41:08 Heavy Cavalry Archer
42:43 Timurid Siegecraft
43:36 Fortified Wall
44:27 Chemistry
43:47 Ballistics
43:39 Masonry
43:37 Heavy Plow
44:11 Cavalier
47:24 Elite Keshik
48:23 Scale Mail Armor
48:58 Plate Barding Armor
48:22 Bodkin Arrow
55:44 Elite Steppe Lancer
60:34 Onager
62:48 Pikeman
63:28 Squires
chatonbrutal
9:09 Loom
13:31 Feudal Age
20:42 Castle Age
18:30 Double-Bit Axe
18:43 Horse Collar
22:43 Fervor
33:03 Heavy Plow
35:50 Imperial Age
35:09 Bow Saw
34:45 Treadmill Crane
35:08 Scale Mail Armor
35:18 Forging
35:52 Stone Mining
35:52 Gold Mining
36:50 Wheelbarrow
36:28 Caravan
36:59 Coinage
37:34 Chemistry
36:55 Ballistics
37:54 Crop Rotation
38:27 Two-Man Saw
38:18 Hand Cart
40:37 Stone Shaft Mining
40:38 Gold Shaft Mining
40:40 Chain Mail Armor
41:00 Iron Casting
40:23 Arson
39:58 Pikeman
40:39 Squires
40:25 Gambesons
40:00 Elite Varangian Guard
40:43 Husbandry
40:04 Heavy Camel Rider
40:52 Arrowslits
41:45 Light Cavalry
43:21 Halberdier
45:21 Redemption
45:12 Devotion
45:47 Theocracy
46:32 Plate Mail Armor
46:02 Padded Archer Armor
45:53 Fletching
46:08 Scale Barding Armor
46:15 Fortified Wall
46:00 Murder Holes
45:56 Guard Tower
49:20 Leather Archer Armor
49:00 Bodkin Arrow
49:43 Keep
49:38 Guilds
49:58 Banking
51:13 Crossbowman
51:14 Elite Skirmisher
51:59 Thumb Ring
54:49 Conscription
54:27 Arbalester
55:58 Faith
55:59 Sanctity
56:05 Illumination
56:46 Hussar
58:46 Ring Archer Armor
58:17 Bracer
58:37 Chain Barding Armor
Vaticano
11:14 Feudal Age
11:50 Double-Bit Axe
11:48 Horse Collar
19:55 Castle Age
21:21 Scale Mail Armor
21:27 Scale Barding Armor
23:04 Stone Mining
24:22 Gold Mining
26:13 Bow Saw
28:19 Heavy Plow
31:46 Gold Shaft Mining
34:39 Imperial Age
33:29 Chain Mail Armor
33:25 Forging
33:36 Chain Barding Armor
36:32 Two-Man Saw
38:20 Conscription
41:20 Elite Berserk
46:38 Elite Varangian Guard
49:19 Plate Mail Armor
49:25 Iron Casting
48:51 Padded Archer Armor
53:13 Pikeman
53:54 Squires
Stephani Gotica
9:09 Feudal Age
12:51 Castle Age
11:14 Double-Bit Axe
12:20 Horse Collar
13:15 Man-at-Arms
21:04 Scale Mail Armor
21:01 Arson
21:14 Gambesons
21:34 Long Swordsman
22:48 Squires
24:00 Chain Mail Armor
25:37 Wheelbarrow
27:10 Bow Saw
27:26 Loom
30:27 Hand Cart
30:42 Gold Mining
30:43 Stone Mining
31:38 Heavy Plow
31:53 Town Watch
33:25 Gold Shaft Mining
33:27 Stone Shaft Mining
36:07 Imperial Age
34:24 Forging
34:52 Fletching
35:22 Pikeman
35:26 Hamask
37:13 Iron Casting
36:34 Bodkin Arrow
36:10 Two-Handed Swordsman
36:10 Halberdier
37:36 Bracer
38:07 Plate Mail Armor
38:00 Conscription
ren68210
13:28 Feudal Age
18:08 Castle Age
16:26 Double-Bit Axe
17:31 Stone Mining
17:38 Gold Mining
21:40 Wheelbarrow
23:12 Bow Saw
26:50 Hand Cart
30:54 Gold Shaft Mining
30:25 Caravan
32:30 Husbandry
31:52 Light Cavalry
32:45 Forging
32:41 Scale Barding Armor
36:57 Imperial Age
35:31 Chain Barding Armor
35:47 Iron Casting
35:03 Fletching
36:20 Padded Archer Armor
36:22 Scale Mail Armor
36:58 Ballistics
39:02 Plate Barding Armor
39:29 Blast Furnace
38:27 Bodkin Arrow
38:27 Cavalier
39:33 Conscription
39:14 Chivalry
39:48 Paladin
42:27 Chemistry
42:10 Heavy Mounted Crossbowman
42:21 Cranequins
44:07 Leather Archer Armor
kingdalillian
11:46 Feudal Age
18:22 Castle Age
16:26 Double-Bit Axe
17:27 Horse Collar
17:54 Gold Mining
20:30 Bow Saw
23:50 Wheelbarrow
23:02 Loom
24:04 Fletching
25:36 Heavy Plow
30:27 Imperial Age
30:07 Hand Cart
31:50 Gold Shaft Mining
31:32 Caravan
32:53 Ballistics
33:06 Heavy Rocket Cart
34:12 Bodkin Arrow
34:19 Scale Mail Armor
34:15 Stone Mining
35:35 Two-Man Saw
40:27 Stone Shaft Mining
40:35 Bracer
43:31 Chain Mail Armor
47:03 Pikeman
47:44 Squires
47:31 Arson
50:01 Chemistry
48:28 Halberdier
52:02 Plate Mail Armor
53:10 Shinkichon
53:13 Conscription
53:56 Elite Fire Lancer
57:37 Man-at-Arms
58:36 Forging
58:28 Long Swordsman
60:58 Two-Handed Swordsman
61:43 Champion
Auttomatix
12:26 Feudal Age
10:43 Loom
12:59 Double-Bit Axe
19:26 Castle Age
20:42 Bow Saw
22:34 Gold Mining
26:13 Scale Barding Armor
26:09 Scale Mail Armor
26:20 Forging
28:06 Stone Mining
29:44 Wheelbarrow
32:46 Chain Barding Armor
32:42 Chain Mail Armor
33:03 Iron Casting
35:42 Gold Shaft Mining
35:29 Hand Cart
38:04 Imperial Age
39:33 Plate Barding Armor
39:29 Plate Mail Armor
40:00 Blast Furnace
40:58 Chemistry
40:11 Masonry
40:23 Fortified Wall
42:18 Caravan
42:49 Coinage
41:59 Elite Throwing Axeman
42:44 Husbandry
42:10 Cavalier
44:04 Architecture
44:07 Conscription
44:25 Hoardings
43:37 Capped Ram
46:47 Paladin
59:28 Banking
phonzY
0:35 Loom
11:34 Feudal Age
11:58 Double-Bit Axe
11:55 Horse Collar
21:25 Castle Age
19:36 Stone Mining
19:54 Gold Mining
21:26 Wheelbarrow
20:36 Town Watch
23:24 Stone Shaft Mining
23:25 Gold Shaft Mining
Connection lost

Rejoining the realm…

Still unreachable

The connection could not be restored.

Session expired

The server has moved on; the page needs a fresh start.